 Dungeon Crawl Stone Soup version 0.25-a0-194-gece12570e2 (webtiles) character file.

Game seed: 5443946160515056552, levelgen mode: deterministic

42 Gumption the Chopper (level 3, -1/28 HPs)
             Began as a Demonspawn Gladiator on Dec 1, 2019.
             Was an Initiate of Nemelex Xobeh.
             Slain by Sigmund
             ... wielding a cursed -2 scythe
              (8 damage)
             ... on level 2 of the Dungeon.
             The game lasted 00:08:54 (1237 turns).

Gumption the Chopper (Demonspawn Gladiator)         Turns: 1237, Time: 00:08:55

Health: -1/28      AC:  8    Str: 15    XL:     3   Next: 33%
Magic:  3/3        EV: 12    Int:  9    God:    Nemelex Xobeh [......]
Gold:   34         SH:  0    Dex: 14    Spells: 2/2 levels left

rFire    . . .     SeeInvis .   a - +0 war axe
rCold    . . .     Gourm    .   (no shield)
rNeg     . . .     Faith    .   h - +0 ring mail
rPois    .         Spirit   .   c - +0 helmet
rElec    .         Reflect  .   (no cloak)
rCorr    .         Harm     .   (no gloves)
MR       .....                  (no boots)
Stlth    +.........             (no amulet)
HPRegen  0.09/turn              (no ring)
MPRegen  0.08/turn              (no ring)

@: flying
A: molten scales 1
a: Draw Escape, Draw Destruction, Draw Summoning, Renounce Religion


You were on level 2 of the Dungeon.
You worshipped Nemelex Xobeh.
Nemelex Xobeh was noncommittal.
You were not hungry.

You visited 1 branch of the dungeon, and saw 2 of its levels.

You collected 34 gold pieces.

Inventory:

Hand Weapons
 a - a +0 war axe (weapon)
 j - a +0 hunting sling
Missiles
 d - 3 throwing nets
 o - 14 poisoned darts (quivered)
Armour
 b - a +0 leather armour
 c - a +0 helmet (worn)
 h - a +0 ring mail (worn)
Scrolls
 g - a scroll of fog {unknown}
 i - 2 scrolls of identify {unknown}
 k - a scroll of enchant weapon {unknown}
 l - a scroll of teleportation {unknown}
 p - a scroll of immolation {unknown}
Comestibles
 e - a ration
 n - a chunk of flesh


   Skills:
 + Level 2.5 Fighting
 * Level 3.4 Axes
 - Level 1.7 Throwing
 + Level 3.1 Dodging


You had 2 spell levels left.
You didn't know any spells.
Your spell library was empty.

Dungeon Overview and Level Annotations

Branches:
Dungeon (2/15)

Altars:
Nemelex Xobeh

Annotations:
D:2 Sigmund


Innate Abilities, Weirdness & Mutations

You are partially covered in molten scales. (AC +2)


Message History

Sigmund casts a spell at you. The puff of flame hits you!
* * * LOW HITPOINT WARNING * * *
You closely miss Sigmund. Sigmund barely misses you.
It was a potion of magic.
Magic courses through your body.
Sigmund gestures wildly while chanting.
Sigmund flickers and vanishes!
Deactivating autopickup; reactivate with Ctrl-A.
It was a potion of flight.
You feel very buoyant.
You fly up into the air.
Something hits you.
* * * LOW HITPOINT WARNING * * *
You closely miss something. Something barely misses you.
You closely miss something. Something hits you.
* * * LOW HITPOINT WARNING * * *
You closely miss something. You hit something but do no damage.
Something hits you but does no damage.
You miss something. Something hits you!
You die...
Your body disappears without a glow.

.. #.(.(...# ..#
#.......# ..###.......#
# ###............##...
#..............!...#
#.##.##.###........#
#.##.##.###.##.##.<#
#.##.......{##.#
#.#####(...@.).#
#####.#####(.#...####
##...#........#......[..
#.....#######†#........#
.......# #.##..######
....÷..# #.##..#
.....<.# #.....#
#.....## ###...# ##....#
#...#


There were no monsters in sight!

Vanquished Creatures
  An adder (D:2)
  A dart slug (D:1)
  A giant cockroach (D:2)
  5 goblins (D:1)
  6 hobgoblins
  4 jackals (D:1)
  2 bats
  A frilled lizard (D:2)
  4 kobolds
  3 rats (D:1)
28 creatures vanquished.

Notes
Turn   | Place    | Note
-------+----------+-------------------------------------------
     0 | D:1      | Gumption the Demonspawn Gladiator began the quest for the
                  | Orb.
     0 | D:1      | Reached XP level 1. HP: 16/16 MP: 1/1
   297 | D:1      | Gained mutation: You are partially covered in molten
                  | scales. (AC +2) [demonic ancestry]
   297 | D:1      | Reached XP level 2. HP: 22/22 MP: 2/2
   684 | D:1      | Found a sparkling altar of Nemelex Xobeh.
  1066 | D:1      | Became a worshipper of Nemelex Xobeh the Trickster
  1104 | D:2      | Received a gift from Nemelex Xobeh
  1106 | D:2      | Reached XP level 3. HP: 28/28 MP: 3/3
  1214 | D:2      | Noticed Sigmund
  1237 | D:2      | Slain by Sigmund

Levels and vault maps discovered:
D:1:      mrwooster_arrival_statue, layout_loops_cross,
          nemelex_diamond_rough_becter
D:2:      layout_loops_cross, gammafunk_temple_overflow_pools, first_ration,
          uniq_sigmund, uniq_jessica

Skill      XL: |  1  2 |
---------------+-------+-----
Axes           | 3 |  3.4
Dodging        | 3 |  3.1
Fighting       | |  2.5
Throwing       | |  1.7

Action                   || total
-------------------------++-------
Melee: War axe           ||    83
Throw: Dart              ||     9
  Use: Potion            ||     2
  Eat: Chunk             ||     1
Armor: Leather armour    ||     9
       Ring mail         ||    27
Dodge: Dodged            ||    61

Table legend:
 A = Non-vault XP
 B = Vault XP
 C = Vault XP percentage of total XP
 D = Non-vault monster count
 E = Vault monster count
 F = Vault count percentage of total count
                 A         B        C        D         E       F
            +---------+---------+-------+---------+---------+-------
      Total |      60 |       0 |   0.0 |      28 |       0 |   0.0
            +---------+---------+-------+---------+---------+-------
        D:1 |      39 |       0 |   0.0 |      22 |       0 |   0.0
        D:2 |      21 |       0 |   0.0 |       6 |       0 |   0.0
            +---------+---------+-------+---------+---------+-------
